 Dungeon Crawl Stone Soup version 0.25.1-2-g60ff931df9 (webtiles) character file.

Game seed: 4014731323075371989

95 pokeman the Magician (level 4, -8/25 HPs)
             Began as a Deep Elf Wizard on Oct 30, 2020.
             Killed by divine providence
             ... invoked by an orc priest
              (12 damage)
             ... on level 3 of the Dungeon.
             The game lasted 00:03:36 (2525 turns).

pokeman the Magician (Deep Elf Wizard)              Turns: 2525, Time: 00:03:37

Health: -8/25      AC:  3    Str:  4    XL:     4   Next: 40%
Magic:  5/13       EV: 12    Int: 24    God:
Gold:   66         SH:  0    Dex: 19    Spells: 3/14 levels left

rFire    . . .     SeeInvis .   (no weapon)
rCold    . . .     Gourm    .   (no shield)
rNeg     . . .     Faith    .   c - +0 leather armour {MR+}
rPois    .         Spirit   .   b - +0 hat
rElec    .         Reflect  .   (no cloak)
rCorr    .         Harm     .   (no gloves)
MR       +....                  (no boots)
Stlth    +.........             (no amulet)
HPRegen  0.08/turn              e - +6 ring of dexterity
MPRegen  0.13/turn              f - +4 ring of slaying

@: confused, very slightly contaminated
A: no striking features
a: no special abilities


You were on level 3 of the Dungeon.
You were hungry.

You visited 1 branch of the dungeon, and saw 3 of its levels.

You collected 66 gold pieces.

Inventory:

Missiles
 j - 43 bolts
Armour
 b - a +0 hat (worn)
 c - a +0 leather armour of magic resistance (worn)
 i - a +0 buckler
Jewellery
 e - a +6 ring of dexterity (left hand)
 f - a +4 ring of slaying (right hand)
 g - an uncursed ring of see invisible
Scrolls
 a - 3 scrolls of identify {unknown}
 k - a scroll of enchant weapon {unknown}
 n - a scroll of teleportation {unknown}
Potions
 h - a potion of ambrosia {unknown}
 m - a potion of brilliance {unknown}
 o - a potion of resistance {unknown}
Comestibles
 d - 4 rations


   Skills:
 - Level 1.0 Fighting
 - Level 1.0 Armour
 + Level 2.6 Dodging
 - Level 2.4 Stealth
 + Level 0.5 Shields
 * Level 5.6 Spellcasting
 * Level 2.4 Conjurations
 - Level 1.1 Summonings
 - Level 1.1 Translocations


You had 3 spell levels left.
You knew the following spells:

 Your Spells              Type           Power        Failure   Level  Hunger
a - Magic Dart            Conj           ###.         5%          1    None
b - Mephitic Cloud        Conj/Pois/Air  ##......     30%         3    #......
c - Call Imp              Summ           ##......     14%         2    None
d - Blink                 Tloc           N/A          14%         2    None
e - Conjure Flame         Conj/Fire      ##......     26%         3    #......

Your spell library contained the following spells:

 Spells                   Type           Power        Failure   Level  Hunger
 Slow                     Hex            #.......     22%         2    None


Dungeon Overview and Level Annotations

Branches:
Dungeon (3/15)

Altars:

Annotations:
D:3 hawla's ghost, amateur MiBe


Message History

There is a stone staircase leading up here.
The jackal closely misses you.
Casting: Magic Dart (safe; 5% risk of failure)
Confirm with . or Enter, or press ? or * to list all spells.
The spell is extremely dangerous to cast (30% risk of failure)!
Continue anyway?
Aiming: Mephitic Cloud (extremely dangerous; 30% risk of failure)
Press: ? - help, Shift-Dir - straight line, f - jackal, p - orc
Aim: a jackal That beam is likely to hit you.
Continue anyway?
The ball explodes into a vile cloud!
The stinking cloud engulfs the jackal but does no damage.
The stinking cloud engulfs the rat but does no damage.
The stinking cloud engulfs you but does no damage.
The hobgoblin shouts!
The orc shouts!
You are engulfed in noxious fumes.
You choke on the stench!
You are confused.
You hear a shout! x4
The orc priest calls down the wrath of Beogh upon you.
Beogh smites you!
You die...

#.#o.# .#.g.#
W.o.. ########
........ #....# #
#########☼.##....
##.ooo.hrh@....#
###(.#######..####
.##............##
...>....(.....#.#
..##.......h..#.#
. #..........#.#
#.......†..#.#
#..........#.#
#.........oo.


You could see an orc priest, hawla's ghost, 4 orcs, 2 jackals, a hobgoblin and a
rat.

Vanquished Creatures
  A worker ant (D:3)
  3 adders (D:2)
  An ooze (D:2)
  2 dart slugs (D:1)
  3 bats
  5 giant cockroaches
  3 hobgoblins
  5 jackals
  2 ball pythons (D:2)
  A frilled lizard (D:1)
  2 goblins
  6 kobolds
  A rat (D:1)
35 creatures vanquished.

Notes
Turn   | Place    | Note
-------+----------+-------------------------------------------
     0 | D:1      | pokeman the Deep Elf Wizard began the quest for the Orb.
     0 | D:1      | Reached XP level 1. HP: 10/10 MP: 7/7
   592 | D:1      | Reached XP level 2. HP: 16/16 MP: 6/9
  1287 | D:1      | Reached skill level 5 in Spellcasting
  1588 | D:2      | Reached XP level 3. HP: 19/20 MP: 7/11
  1595 | D:2      | Learned a level 3 spell: Mephitic Cloud
  1598 | D:2      | Learned a level 2 spell: Call Imp
  1601 | D:2      | Learned a level 2 spell: Blink
  1605 | D:2      | Learned a level 3 spell: Conjure Flame
  1937 | D:2      | Reached skill level 1 in Fighting
  1937 | D:2      | Reached skill level 1 in Armour
  2201 | D:3      | Reached XP level 4. HP: 25/25 MP: 9/13
  2216 | D:3      | Noticed hawla's ghost (amateur MiBe)
  2525 | D:3      | Killed from afar by an orc priest

Illustrated notes

Levels and vault maps discovered:
D:1:      eino_arrival_water_cross, layout_basic
D:2:      layout_basic
D:3:      layout_rooms, chequers_ecumenical_altar_simple, gammafunk_ghost_split

Skill      XL: |  1  2  3 |
---------------+----------+-----
Spellcasting   | 5 |  5.6
Fighting       | 1 |  1.0
Armour         | 1 |  1.0
Conjurations   | 2 |  2.4
Dodging        | |  2.6
Stealth        | |  2.4
Shields        | |  0.5
Summonings     | |  1.1
Translocations | |  1.1

Action                   |  1- 3 |  4- 6 || total
-------------------------+-------+-------++-------
Melee: Unarmed           |     5 |       ||     5
 Cast: Magic Dart        |    95 |    17 ||   112
       Mephitic Cloud    |       |     1 ||     1
  Eat: Chunk             |     4 |       ||     4
Armor: Robe              |     2 |       ||     2
       Leather armour    |     5 |     4 ||     9
Dodge: Dodged            |    14 |    10 ||    24
